 Dungeon Crawl Stone Soup version 0.19-a0-1902-g8424084 (webtiles) character file.

33358 Ryco the Basher (level 13, -4/132 HPs)
             Began as a Gargoyle Berserker on Oct 20, 2016.
             Was an Elder of Trog.
             Slain by a black mamba (8 damage)
             ... on level 3 of the Snake Pit.
             The game lasted 00:57:59 (6607 turns).

Ryco the Basher (Gargoyle Berserker)                Turns: 6607, Time: 00:57:59

Health: -4/132     AC: 34    Str: 34    XL:     13   Next: 70%
Magic:  1/14       EV:  8    Int:  9    God:    Trog [****..]
Gold:   519        SH:  2    Dex:  9    Spells: 1 memorised, 11 levels left

rFire  + . .     SeeInvis .     a - +12 flail "Dragonbane" {holy, rPois Str+4}
rCold  . . .     Gourm    .     K - +0 plate armour
rNeg   + . .     Faith    .     s - +0 buckler
rPois  ∞         Spirit   .     Z - +2 hat "Ysaserih" {+Blink rPois rF+ rC-}
rElec  +         Reflect  .     I - +1 cloak
rCorr  .         Harm     .     p - +0 pair of gloves
MR     .....                    (no boots)
Stlth  ..........               q - amulet of magic regeneration
                                W - ring of Toesaem {rC+ AC+2}
                                y - +1 ring of protection

@: berserking (expiring), slowed
A: negative energy resistance 1, electricity resistance, unbreathing,
petrification resistance, rot immunity, AC +9
a: Berserk, Trog's Hand, Brothers in Arms, Burn Spellbooks, Renounce Religion,
Evoke Blink


You were on level 3 of the Snake Pit.
You worshipped Trog.
Trog was greatly pleased with you.
You were very full.

You visited 3 branches of the dungeon, and saw 20 of its levels.
You also visited: Sewer.

You collected 686 gold pieces.
You spent 167 gold pieces at shops.

Inventory:

Hand Weapons
 a - the +12 flail "Dragonbane" (weapon) {holy, rPois Str+4}
   (You found it on level 4 of the Lair of Beasts)

   It has been blessed by the Shining One to cause great damage to the undead
   and demons.
   It affects your strength (+4).
   It protects you from poison.
 b - a +0 hand crossbow
 w - a +5 morningstar of freezing
Missiles
 g - 125 bolts
Armour
 p - a +0 pair of gloves (worn)
 s - a +0 buckler (worn)
 I - a +1 cloak (worn)
 K - a +0 plate armour (worn)
 Y - +0 fire dragon scales
 Z - the +2 hat "Ysaserih" (worn) {+Blink rPois rF+ rC-}
   (You found it on level 6 of the Lair of Beasts)

   It protects you from fire.
   It makes you vulnerable to cold.
   It protects you from poison.
   It lets you blink.
Jewellery
 h - an uncursed ring of ice
 q - an amulet of magic regeneration (around neck)
 y - a +1 ring of protection (left hand)
 S - an uncursed ring of resist corrosion
 W - the ring of Toesaem (right hand) {rC+ AC+2}
   (You found it on level 6 of the Lair of Beasts)

   [ring of protection]

   It affects your AC (+2).
   It protects you from cold.
Wands
 k - a wand of enslavement (4/24)
 n - a wand of acid (7/15)
 o - a wand of acid (3/15)
 C - a wand of digging (14/24)
 F - a wand of paralysis (6/24)
 O - a wand of lightning (9/15)
 R - a wand of iceblast (8/15)
 V - a wand of paralysis (13/24)
Scrolls
 d - 3 scrolls of remove curse
 i - 8 scrolls of teleportation
 m - 2 scrolls of enchant armour {unknown}
 r - 4 scrolls of immolation {unknown}
 t - a scroll of fog
 v - a scroll of enchant weapon {unknown}
 x - a scroll of magic mapping
 A - 5 scrolls of recharging {unknown}
 P - a scroll of acquirement {unknown}
Potions
 e - 4 potions of heal wounds
 f - 4 potions of curing
 l - 2 potions of haste
 u - 2 potions of cancellation
 z - 2 potions of agility
 E - a potion of might {unknown}
 H - a potion of berserk rage {unknown}
 M - 2 potions of flight {unknown}
 N - a potion of magic {unknown}
 T - a potion of ambrosia {unknown}
 U - a potion of resistance {unknown}
 X - a potion of cure mutation {unknown}
Miscellaneous
 B - a sack of spiders
Comestibles
 c - 4 bread rations
 j - 6 meat rations
 G - 10 royal jellies
 L - 3 fruits


   Skills:
 + Level 13.3 Fighting
 - Level 14.5 Maces & Flails
 + Level 2.6 Crossbows
 * Level 13.4 Armour
 - Level 1.5 Dodging
 + Level 1.5 Evocations


You had 11 spell levels left.
You knew the following spells:

 Your Spells              Type           Power        Failure   Level  Hunger
a - Apportation           Tloc           #.........   100%        1    ##.....


Dungeon Overview and Level Annotations

Branches:
Dungeon (11/15)            Temple (0/1) D:5            Lair (6/6) D:11
 Shoals (0/4) Lair:2        Snake (3/4) Lair:3        Slime (0/5) Lair:6
    Orc (0/2) D:10

Altars:
Okawaru
Xom
Beogh

Shops:
D:4 ?:!

Annotations:
D:6 Prince Ribbit


Innate Abilities, Weirdness & Mutations

You are resistant to torment.
Your stone body is resilient. (AC +9)
You are immune to poison.
You resist negative energy. (rN+)
You are resistant to electric shocks. (rElec)
You can survive without breathing.
You are immune to petrification.
You are immune to rotting.


Message History

The mana viper bites you.
* * * LOW HITPOINT WARNING * * *
The black mamba bites you but does no damage.
The naga spits poison at you. The splash of poison hits you! You resist.
You completely miss the naga.
The black mamba bites you but does no damage. x2
The mana viper bites you but does no damage.
Unknown command.
You thump the naga!
The naga is heavily wounded.
The black mamba bites you!
* * * LOW HITPOINT WARNING * * *
The black mamba bites you but does no damage.
The naga hits you but does no damage. The naga barely misses you.
The mana viper bites you but does no damage.
You hit the naga.
The naga is heavily wounded.
The black mamba bites you!
You die...

##.........
#.......... ####
#.......... ....
#.......... .....
#.......... .....
#.........? ......
#$........
......#######N......<
...........N@S....###
.%.........S)S.......
.........#####..######
$................[....
##########............
#.............
####)..^..#####.
#(()).....#
##(#######.#


You could see a naga warrior, a mana viper, 2 black mambas and a naga.

Vanquished Creatures
  A nagaraja (Snake:3)
  A fire dragon (Lair:6)
  2 naga warriors (Snake:3)
  A hydra (Lair:2)
  An anaconda (Snake:3)
  The ghost of Oroborous the Dealer of Despair, a novice DsNe of Kikubaaqudgha (D:10)
  A naga sharpshooter (Snake:3)
  Pikel (D:5)
  A hill giant (D:10)
  2 mana vipers
  A salamander (Snake:3)
  A guardian serpent (Snake:3)
  8 black mambas
  3 spiny frogs
  2 komodo dragons (Lair:6)
  5 rime drakes
  13 blink frogs
  Grinder (D:5)
  10 polar bears
  5 raiju (Lair:6)
  3 hippogriffs
  A snapping turtle (Lair:2)
  A wyvern (D:10)
  23 yaks
  A steam dragon (D:7)
  2 mottled dragons (Lair:6)
  5 nagas
  2 insubstantial wisps (D:7)
  7 wargs (Lair:6)
  2 water moccasins
  3 hell hounds (Lair:6)
  A porcupine (Lair:5)
  3 swamp drakes (Lair:6)
  5 orc warriors
  3 sky beasts
  Purgy (Sewer)
  17 black bears
  An eye of draining (D:10)
  2 ice beasts
  3 phantoms
  10 wolves (Lair:6)
  2 centaurs (D:10)
  7 crocodiles
  6 bullfrogs
  2 scorpions
  8 wights
  A howler monkey (D:4)
  2 bullfrog zombies
  A centaur zombie (D:6)
  17 hounds
  6 jellies
  A centaur skeleton (D:10)
  7 orc priests
  2 bullfrog skeletons
  4 orc wizards
  7 iguanas
  6 worker ants
  7 gnolls
  6 adders
  A river rat (D:3)
  9 oozes
  An adder zombie (D:5)
  An adder skeleton (D:5)
  3 worms
  3 dart slugs
  7 leopard geckos
  35 orcs
  5 ball pythons (D:3)
  11 giant cockroaches
  6 goblins
  4 hobgoblins (D:3)
  12 jackals
  4 quokkas
  A ball python skeleton (D:4)
  7 bats
  4 frilled lizards
  6 kobolds
  2 leopard gecko skeletons
  2 quokka skeletons
  A quokka zombie (D:8)
  8 rats
  2 plants (Lair:6)
384 creatures vanquished.

Vanquished Creatures (collateral kills)
  A bullfrog (Lair:4)
1 creature vanquished.

Vanquished Creatures (others)
  A komodo dragon (Lair:6)
  A wyvern (Lair:4)
  A slave (D:5)
  A hound (Lair:6)
  2 worker ants (D:5)
  6 fungi
  11 plants
23 creatures vanquished.

Grand Total: 408 creatures vanquished

Notes
Turn   | Place    | Note
-------+----------+-------------------------------------------
     0 | D:1      | Ryco the Gargoyle Berserker began the quest for the Orb.
     0 | D:1      | Reached XP level 1. HP: 14/14 MP: 1/1
     0 | D:1      | Noticed a jelly
     1 | D:1      | Found a runed door.
   112 | D:1      | Reached XP level 2. HP: 9/19 MP: 2/2
   299 | D:1      | Reached XP level 3. HP: 19/24 MP: 3/3
   310 | D:1      | Reached ** piety under Trog
   310 | D:1      | Reached skill level 4 in Maces & Flails
   310 | D:1      | Reached XP level 4. HP: 28/29 MP: 4/4
   426 | D:3      | Found a glowing drain.
   458 | Sewer    | Entered a sewer
   515 | Sewer    | Noticed Purgy
   524 | Sewer    | Killed Purgy
   524 | Sewer    | Reached skill level 5 in Maces & Flails
   524 | Sewer    | Reached XP level 5. HP: 34/34 MP: 5/5
   671 | D:3      | Found an iron altar of Okawaru.
   703 | D:3      | Reached *** piety under Trog
   909 | D:2      | Reached XP level 6. HP: 27/39 MP: 6/6
  1004 | D:4      | Reached skill level 6 in Maces & Flails
  1042 | D:4      | Found Deivugh's Magic Scroll Boutique.
  1042 | D:4      | Noticed a phantom
  1048 | D:4      | Bought a scroll of teleportation for 36 gold pieces
  1086 | D:5      | Entered Level 5 of the Dungeon
  1091 | D:5      | Noticed a slave
  1092 | D:5      | Noticed a slave
  1092 | D:5      | Noticed a slave
  1092 | D:5      | Noticed Pikel
  1093 | D:5      | Noticed a slave
  1114 | D:5      | Killed Pikel
  1114 | D:5      | Reached skill level 7 in Maces & Flails
  1114 | D:5      | Reached XP level 7. HP: 44/44 MP: 7/7
  1164 | D:4      | Found Yfitaonk's Book Shop.
  1229 | D:4      | Found Mutoo's Distillery.
  1313 | D:5      | Reached skill level 5 in Fighting
  1347 | D:5      | Reached XP level 8. HP: 49/49 MP: 8/8
  1367 | D:5      | Reached skill level 8 in Maces & Flails
  1873 | D:6      | Noticed Prince Ribbit
  2003 | D:5      | Noticed Grinder
  2013 | D:5      | Reached skill level 9 in Maces & Flails
  2020 | D:5      | Killed Grinder
  2247 | D:4      | Reached skill level 5 in Armour
  2247 | D:4      | Reached XP level 9. HP: 47/55 MP: 9/9
  2262 | D:4      | Bought a scroll of magic mapping for 42 gold pieces
  2262 | D:4      | Bought a scroll of fog for 24 gold pieces
  2321 | D:4      | Bought a potion of heal wounds for 65 gold pieces
  2372 | D:5      | Found a staircase to the Ecumenical Temple.
  2423 | D:6      | Reached **** piety under Trog
  2478 | D:7      | Reached skill level 10 in Maces & Flails
  2698 | D:8      | Reached skill level 11 in Maces & Flails
  2823 | D:6      | Found a shimmering altar of Xom.
  2976 | D:9      | Received a gift from Trog
  3157 | D:9      | Reached XP level 10. HP: 50/61 MP: 10/10
  3249 | D:8      | Reached skill level 12 in Maces & Flails
  3350 | D:10     | Entered Level 10 of the Dungeon
  3533 | D:10     | Noticed Oroborous's ghost (novice DsNe)
  3563 | D:10     | Killed Oroborous's ghost
  3563 | D:10     | Reached skill level 1 in Crossbows
  3857 | D:10     | Reached skill level 13 in Maces & Flails
  3874 | D:10     | Reached XP level 11. HP: 42/69 MP: 11/11
  4050 | D:10     | Found a roughly hewn altar of Beogh.
  4050 | D:10     | Found a staircase to the Orcish Mines.
  4150 | D:11     | Received a gift from Trog
  4171 | D:10     | Noticed a hill giant
  4178 | D:10     | Killed a hill giant
  4192 | D:11     | Found a staircase to the Lair.
  4211 | Lair:1   | Entered Level 1 of the Lair of Beasts
  4430 | Lair:3   | Found a staircase to the Snake Pit.
  4439 | Snake:1  | Entered Level 1 of the Snake Pit
  4459 | Snake:1  | Noticed a mana viper
  4462 | Snake:1  | Got an ominously black robe
  4470 | Snake:1  | Killed a mana viper
  4481 | Snake:1  | Identified the +1 robe "Cuinnus" {rF+ Stlth+} (You found it on level 1 of the Snake Pit)
  4609 | Snake:3  | Noticed an anaconda
  4611 | Snake:3  | Noticed a naga sharpshooter
  4622 | Snake:3  | Killed an anaconda
  4842 | Lair:2   | Noticed a six-headed hydra
  4847 | Lair:2   | Killed a six-headed hydra
  4847 | Lair:2   | Reached skill level 14 in Maces & Flails
  4860 | Lair:2   | Found a staircase to the Shoals.
  5008 | Lair:4   | Reached XP level 12. HP: 48/77 MP: 12/12
  5128 | Lair:6   | Entered Level 6 of the Lair of Beasts
  5138 | Lair:6   | Reached skill level 10 in Fighting
  5155 | Lair:6   | Reached skill level 10 in Armour
  5216 | Lair:6   | Reached skill level 1 in Evocations
  5228 | Lair:6   | Received a gift from Trog
  5274 | Lair:6   | Noticed a fire dragon
  5289 | Lair:6   | Killed a fire dragon
  5603 | Lair:6   | Got a vibrating granite ring
  5618 | Lair:6   | Identified the ring of Toesaem {rC+ AC+2} (You found it on level 6 of the Lair of Beasts)
  5662 | Lair:6   | Reached XP level 13. HP: 82/85 MP: 14/14
  5705 | Lair:6   | Was placed under penance by Trog
  5707 | Lair:6   | Learned a level 1 spell: Apportation
  5730 | Lair:6   | Got a transparent hat
  5741 | Lair:6   | Identified the +2 hat "Ysaserih" {+Blink rPois rF+ rC-} (You found it on level 6 of the Lair of Beasts)
  6270 | Lair:4   | Got a smoking flail
  6280 | Lair:4   | Identified the +12 flail "Dragonbane" {holy, rPois Str+4} (You found it on level 4 of the Lair of Beasts)
  6288 | Lair:4   | Was forgiven by Trog
  6579 | Snake:3  | Noticed a nagaraja
  6590 | Snake:3  | Killed a nagaraja
  6606 | Snake:3  | HP: 4/132 [black mamba (7)]
  6607 | Snake:3  | Slain by a black mamba

Vault maps used:
D:1:      dpeg_arrival_caged_fury, serial_co_window_serial,
          co_window_of_opportunity_a, co_window_paths_a, co_window_paths_a,
          co_window_paths_b, co_window_of_opportunity_a,
          co_window_of_opportunity_a, co_window_paths_a, co_window_corner_cb,
          co_window_corner_cb, co_window_broadway_b, co_window_2corner,
          co_window_of_opportunity_b, co_window_corner_b, co_window_broadway_c,
          co_window_paths_e, glass_columns_a, glass_columns_c, glass_columns_a,
          glass_columns_b
D:2:      lemuel_doored_altar, first_bread, uniq_robin, uniq_natasha
D:3:      portal_sewer_entry_a, okawaru_altar_gauntlet_db
D:4:      serial_shops, kennysheep_little_box, shop, nicolae_shop_behind_doors
D:5:      uniq_sigmund, uniq_pikel, uniq_grinder, uniq_crazy_yiuf_cottage
D:6:      nicolae_tso_carved_into_rock, basic_altar, uniq_prince_ribbit1
D:7:      yredelemnul_altar_generic, hangedman_misty_isle
D:8:      serial_shops, shop
D:9:      hangedman_little_slice_of_home
D:10:     david_orc_5, grunt_ministairs_4
D:11:     lemuel_reptile_caves, lair_0_dummy, serial_shops, shop, uniq_erolcha
Lair:1:   minivault_26, worms_lemuel
Lair:2:   minmay_shoals_entry_hut
Lair:3:   dummy_snake_entry, grunt_megastairs_4
Lair:4:   serial_bayou_shore_b
Lair:5:   basic_altar
Lair:6:   guppyfry_lair_end_dragon, hangedman_lair_caniforms_friends,
          slime_dummy, grunt_megastairs_5, lemuel_fruit_fields
Snake:1:  uniq_donald, uniq_aizul
Snake:3:  spider_trap, minmay_shop_grove
Sewer:    sewer_the_crocodile

Skill      XL: |  1  2  3  4  5  6  7  8  9 10 11 12 13 |
---------------+----------------------------------------+-----
Fighting       | 4 5 6 8 9 11 13 | 13.3
Maces & Flails | 4 5 7 9 11 13 14 | 14.5
Armour         | 3 4 5 7 9 11 13 | 13.4
Crossbows      | 1 2 |  2.6
Evocations     | 1 |  1.5
Dodging        | |  1.5

Action                   |  1- 3 |  4- 6 |  7- 9 | 10-12 | 13-15 || total
-------------------------+-------+-------+-------+-------+-------++-------
Melee: Mace              |    55 |   185 |    64 |       |       ||   304
       Whip              |       |       |    46 |       |       ||    46
       Flail             |       |       |   365 |    19 |    97 ||   481
       Morningstar       |       |       |       |   713 |   145 ||   858
 Fire: Hand crossbow     |       |       |       |    17 |     7 ||    24
Invok: Berserk           |     1 |     3 |     2 |     3 |     1 ||    10
       Trog's Hand       |       |     2 |    10 |    18 |     2 ||    32
       Burn Spellbooks   |       |       |     2 |     1 |     1 ||     4
       Brothers in Arms  |       |       |       |     1 |       ||     1
Evoke: Wand              |       |       |       |     6 |       ||     6
  Use: Scroll            |     2 |     4 |     1 |     6 |       ||    13
       Potion            |       |       |     1 |     1 |       ||     2
 Stab: Paralysed         |       |       |       |     2 |       ||     2
       Confused          |       |       |       |     2 |       ||     2
  Eat: Royal jelly       |       |     2 |       |     8 |     4 ||    14
       Chunk             |       |     1 |    10 |     3 |       ||    14
       Beef jerky        |       |     1 |       |     2 |       ||     3
       Fruit             |       |       |     1 |       |     2 ||     3
       Pizza             |       |       |     1 |       |     1 ||     2
Armor: Leather armour    |    30 |    41 |       |       |       ||    71
       Ring mail         |       |    57 |    84 |       |       ||   141
       Scale mail        |       |       |    32 |       |       ||    32
       Chain mail        |       |       |   175 |   146 |       ||   321
       Plate armour      |       |       |       |   402 |   237 ||   639
       Fire dragon scale |       |       |       |     7 |       ||     7
Dodge: Dodged            |    39 |   122 |   228 |   247 |    98 ||   734
Block: Buckler           |       |       |       |       |     3 ||     3
